 Dungeon Crawl Stone Soup version 0.30-a0-782-ge64f9170bb (webtiles) character file.

Game seed: 11430153433885332040

47 mopl the Slasher (level 3, 0/28 HPs)
             Began as a Merfolk Warper on Mar 9, 2023.
             Slain by an orc priest
             ... wielding a +0 club
              (3 damage)
             ... on level 2 of the Dungeon.
             The game lasted 00:01:31 (1250 turns).

mopl the Slasher (Merfolk Warper)                   Turns: 1250, Time: 00:01:31

Health: 0/28       AC:  3    Str: 13    XL:     3   Next: 70%
Magic:  6/6        EV: 12    Int: 12    God:
Gold:   72         SH:  0    Dex: 13    Spells: 4/6 levels left

rFire   . . .      SeeInvis .    a - +0 falchion
rCold   . . .      Faith    +    (no shield)
rNeg    . . .      Spirit   .    b - +0 leather armour
rPois   +          Reflect  .    (no helmet)
rElec   .          Harm     .    (no cloak)
rCorr   .          Rampage  .    (no gloves)
Will    .....                    (no boots)
Stlth   +                        m - amulet of faith {!P}
HPRegen 0.24/turn                h - ring of poison resistance
MPRegen 0.10/turn                (no ring)

@: no status effects
A: (nimble swimmer 2), mertail
a: no special abilities


You were on level 2 of the Dungeon.
You visited 1 branch of the dungeon, and saw 3 of its levels.

You collected 72 gold pieces.

Inventory:

Hand Weapons
 a - a +0 falchion (weapon)
 o - a +1 dagger of holy wrath
Missiles
 d - 7 boomerangs of dispersal
 e - 3 poisoned darts (quivered)
 k - 4 silver javelins
Armour
 b - a +0 leather armour (worn)
Jewellery
 f - a ring of see invisible
 h - a ring of poison resistance (left hand)
 m - an amulet of faith (around neck) {!P}
Scrolls
 c - a scroll of blinking
 l - a scroll of identify {unknown}
 p - a scroll of fog {unknown}
 q - a scroll of acquirement {unknown}
Potions
 g - 2 potions of degeneration {unknown}
 i - a potion of might {unknown}
 j - a potion of curing {unknown}
 n - a potion of berserk rage {unknown}


   Skills:
 + Level 2.5 Fighting
 * Level 3.3 Long Blades
 + Level 1.4 Throwing
 + Level 1.0 Armour
 + Level 3.0 Dodging
 + Level 2.2 Spellcasting
 + Level 2.6 Translocations


You had 4 spell levels left.
You knew the following spells:

 Your Spells              Type           Power      Damage    Failure   Level
e - Blink                 Tloc           14%        N/A       17%         2

Your spell library contained the following spells:

 Spells                   Type           Power      Damage    Failure   Level
 Lesser Beckoning         Tloc           14%        N/A       17%         2
 Teleport Other           Tloc           7%         N/A       34%         3
 Vhi's Electric Charge    Tloc/Air       8%         N/A       52%         3
 Manifold Assault         Tloc           7%         N/A       75%         4


Dungeon Overview and Level Annotations

Branches:
Dungeon (3/15)

Altars:


Innate Abilities, Weirdness & Mutations

((You are very nimble when in or above water. (Stealth+, EV+, Speed+++)))
Your lower body shifts to a powerful aquatic tail in water.


Message History

You hit the orc.
The orc is moderately wounded.
The orc hits you with a +0 club.
You closely miss the orc.
The orc is lightly wounded.
The orc hits you with a +0 club.
You hit the orc.
The orc is almost dead.
The orc barely misses you. The orc hits you with a +0 club.
The orc priest begins to cast a cantrip, but forgets the words!
The orc closely misses you.
You climb upwards.
There is a stone staircase leading down here.
You hit the orc.
You kill the orc!
Things that are here:
a +0 club; a +0 leather armour
There is a stone staircase leading down here.
You start resting.
HP restored.
You climb downwards.
There is a stone staircase leading up here.
The orc priest mumbles some strange prayers to Beogh against you.
Beogh smites you!
Ouch! That really hurt!
You climb upwards.
There is a stone staircase leading down here.
You barely miss the orc priest. The orc priest closely misses you.
You closely miss the orc priest. The orc priest hits you with a +0 club.
You are too injured to fight recklessly!
You closely miss the orc priest.
The orc priest hits you with a +0 club. x2
You hit the orc priest.
The orc priest is moderately wounded.
The orc priest invokes the aid of Beogh against you.
Pain shoots through your body!
* * * LOW HITPOINT WARNING * * *
You hit the orc priest.
The orc priest is severely wounded.
The orc priest hits you with a +0 club.
You die...

##### ##...## ##.....## #.......#
#.......# ######## #.......#
.......# ##...@.## ########
.......# #....o[.# #......#
.......# #.......# #......####
.......#####.......####......#...
...........##.............####...
#####....#...#......####.....#...
..<......###.....##..# ##.##..<..
...........###...###.####..##....
........##.................##..##


You could see an orc priest.

Vanquished Creatures
  An adder (D:2)
  A worm (D:2)
  2 orcs (D:2)
  7 ball pythons
  3 endoplasms (D:1)
  A giant cockroach (D:1)
  3 goblins
  2 hobgoblins (D:2)
  3 jackals (D:1)
  3 kobolds
  A frilled lizard (D:2)
  3 rats
30 creatures vanquished.

Notes
Turn   | Place    | Note
-------+----------+-------------------------------------------
     0 | D:1      | mopl the Merfolk Warper began the quest for the Orb.
     0 | D:1      | Reached XP level 1. HP: 16/16 MP: 3/3
   148 | D:1      | Reached XP level 2. HP: 17/22 MP: 5/5
   652 | D:2      | Reached skill level 3 in Long Blades
   669 | D:2      | Learned a level 2 spell: Blink
   699 | D:2      | Reached XP level 3. HP: 27/28 MP: 6/6
   720 | D:2      | Reached skill level 1 in Armour
   720 | D:2      | Reached skill level 3 in Dodging
  1250 | D:2      | Slain by an orc priest

Illustrated notes

Levels and vault maps discovered:
D:1:      wander_arrival_desolate, layout_basic
D:2:      layout_rooms
D:3:      layout_rooms, zin_purify, ebering_ecumenical_altar_petrified,
          serial_shops, nicolae_shop_bloodbath_and_beyond

Skill      XL: |  1  2  3 |
---------------+----------+-----
Long Blades    | 3 |  3.3
Armour         | 1 |  1.0
Dodging        | 3 |  3.0
Fighting       | |  2.5
Throwing       | |  1.4
Spellcasting   | |  2.2
Translocations | |  2.6

Action                     || total
---------------------------++-------
  Melee: Falchion          ||   106
         Punch             ||     1
 Armour: Leather armour    ||    32
  Dodge: Dodged            ||    56

Table legend: (Time is in decaauts)
 A = Elapsed time spent in this place.
 B = Non-inter-level travel time spent in this place.
 C = Inter-level travel time spent in this place.
 D = Time resting spent in this place.
 E = Time spent auto-exploring this place.
 F = Levels seen in this place.
 G = Mean time per level.
                   A        B        C        D        E       F      G
               +--------+--------+--------+--------+--------+-----+--------+
         Total |   1268 |   1243 |     25 |    147 |    828 |   3 |  422.7 |
       Dungeon |   1268 |   1243 |     25 |    147 |    828 |   3 |  422.7 |
               +--------+--------+--------+--------+--------+-----+--------+

Top non-repeatable levels by time:
     D:1: 654 daAuts
     D:2: 582 daAuts
     D:3: 31 daAuts
